 Dungeon Crawl Stone Soup version 0.32-a0-607-g64ea0e4219 (webtiles) character file.

Game seed: 3098154115337406323

130 Descartes the Sneak (level 4, 0/23 HPs)
             Began as a Felid Shapeshifter on Mar 4, 2024.
             Slain by Terence
             ... wielding a +0 mace
              (6 damage)
             ... on level 3 of the Dungeon.
             The game lasted 00:03:09 (1818 turns).

Descartes the Sneak (Felid Shapeshifter)            Turns: 1818, Time: 00:03:09

Health: 0/23       AC:  1    Str: 12    XL:     4   Next: 89%
Magic:  5/5        EV: 18    Int: 13    God:
Gold:   114        SH:  0    Dex: 16    Spells: 3/3 levels left
                                        Lives:  0   Deaths: 2

rFire   . .          .
                       - Unarmed
rCold   . . .        (shield unavailable)
rNeg    . . .        (body armour unavailable)
rPois   .            (helmet unavailable)
rElec   .            (cloak unavailable)
rCorr   .            (gloves unavailable)
SInv    +            (boots unavailable)
Will    .....        h - amulet of regeneration
Stlth   +++          (no ring)
HPRegen 1.03/turn    (no ring)
MPRegen 0.09/turn

%: no passive effects
@: beast-form
A: beast (slay +1), very small, claws 1, fangs 3, see invisible, shaggy fur 1,
stealthy paws, no weapons or thrown items, no armour, multi-lived
a: Begin Untransformation


You were on level 3 of the Dungeon.
You were a hulking beast.
You visited 1 branch of the dungeon, and saw 3 of its levels.

You collected 114 gold pieces.

Inventory:

Jewellery
 h - an amulet of regeneration (around neck)
Talismans
 b - a beast talisman (active)
 c - a flux talisman
Scrolls
 d - 3 scrolls of identify {unknown}
 g - a scroll of revelation {unknown}
 i - a scroll of blinking {unknown}
 m - a scroll of fear {unknown}
 n - a scroll of fog {unknown}
Potions
 a - 2 potions of lignification
 e - a potion of degeneration {unknown}
 f - 2 potions of curing
 j - a potion of mutation {unknown}
 k - a potion of brilliance {unknown}
 l - 2 potions of enlightenment {unknown}
 o - a potion of ambrosia {unknown}


   Skills:
 + Level 2.0 Fighting
 + Level 3.6 Dodging
 * Level 3.8 Stealth
 + Level 3.5 Unarmed Combat
 + Level 3.1 Shapeshifting


You had 3 spell levels left.
You didn't know any spells.
Your spell library contained the following spells:

 Spells                   Type           Power      Damage    Failure   Level
 Summon Ice Beast         Ice/Summ       0%         N/A       67%         3
 Summon Mana Viper        Hex/Summ       0%         N/A       100%        5
 Monstrous Menagerie      Summ           0%         N/A       100%        7


Dungeon Overview and Level Annotations

Branches:
Dungeon (3/15)

Altars:

Annotations:
D:3 Terence


Innate Abilities, Weirdness & Mutations

You are a hulking beast.
Your limbs bulge with bestial killing power. (Slay +1)
You have sharp claws.
You have razor-sharp teeth.
You have supernaturally acute eyesight. (SInv)
You are covered in fur. (AC +1)
Your paws help you pounce on unaware monsters.
You are incapable of wielding weapons or throwing items.
You cannot wear armour.
You gain extra lives every three experience levels.


Message History

The orc shouts!
You see here a +0 trident.
Found a scroll labelled XYAZIAPHYBBA.
Terence shouts!
You scratch the frilled lizard.
You kill the frilled lizard!
You claw the orc!
You kill the orc!
Things that are here:
a +0 club; a +0 ring mail You scratch Terence but do no damage.
Terence hits you with a +0 mace!
You scratch Terence but do no damage. You claw Terence, but do no damage.
Your bite misses Terence. You scratch Terence.
Terence is moderately wounded.
Terence misses you.
You claw Terence!
Terence is severely wounded.
Terence misses you.
You closely miss Terence. You bite Terence, but do no damage.
Terence is severely wounded.
Terence hits you with a +0 mace!
You scratch Terence. Your bite misses Terence.
Terence is almost dead.
Terence hits you with a +0 mace!
* * * LOW HITPOINT WARNING * * *
You are too injured to fight recklessly!
You are too injured to fight recklessly!
You are too injured to fight recklessly!
You are too injured to fight recklessly!
You are too injured to fight recklessly!
You are too injured to fight recklessly!
You are too injured to fight recklessly!
You are too injured to fight recklessly!
You are too injured to fight recklessly!
Unknown command.
Terence attacks as he pursues you! Terence misses you.
Terence attacks as he pursues you! Terence hits you with a +0 mace.
You die...
Terence says, "Time to find some more victims."

#.†)...#
###.####
#...#
##>#.#
#..#...
##.<#
##.#
###...#
..
#..>#.#
#
#.###h#
#.##.@#
#.##.##
#.##)#
#.##.#
#.##.#
#.##.#
#....#
.?.


You could see Terence.

Vanquished Creatures
  5 adders
  3 dart slugs
  3 ribbon worms
  5 orcs (D:3)
  7 ball pythons
  8 endoplasms
  8 goblins
  A hobgoblin (D:1)
  6 kobolds
  3 quokkas (D:1)
  6 bats
  4 frilled lizards
  9 rats
68 creatures vanquished.

Notes
Turn   | Place    | Note
-------+----------+-------------------------------------------
     0 | D:1      | Descartes the Felid Shapeshifter began the quest for the
                  | Orb.
     0 | D:1      | Reached XP level 1. HP: 10/10 MP: 2/2
   137 | D:1      | Reached skill level 1 in Stealth
   176 | D:1      | Reached XP level 2. HP: 9/14 MP: 3/3
   444 | D:1      | Reached XP level 3. HP: 16/18 MP: 4/4
   989 | D:2      | Identified the +0 scale mail of Watchfulness {rPois rCorr
                  | Stlth+}
  1055 | D:2      | Reached XP level 4. HP: 2/23 MP: 5/5
  1055 | D:2      | Gained a life (2 lives remaining)
  1654 | D:3      | Noticed an ice beast
  1662 | D:3      | Slain by an ice beast
  1662 | D:3      | Lost a life (1 life remaining)
  1745 | D:3      | Slain by an ice beast
  1745 | D:3      | Lost a life (0 lives remaining)
  1804 | D:3      | Noticed Terence
  1818 | D:3      | Slain by Terence

Illustrated notes

Levels and vault maps discovered:
D:1:      dpeg_arrival_oval, layout_loops_ring, corner_web_ring,
          nicolae_figureground_sparkle
D:2:      layout_basic, minmay_pentomino_r2
D:3:      layout_rooms, dk_noncrumbling_4, eino_tiny_chamber, uniq_terence

Skill      XL: |  1  2  3  4 |
---------------+-------------+-----
Stealth        | 1 2 3 |  3.8
Dodging        | 3 |  3.6
Shapeshifting  | 3 |  3.1
Fighting       | 2 |  2.0
Unarmed Combat | |  3.5

Action                     |  1- 3 |  4- 6 || total
---------------------------+-------+-------++-------
  Melee: Unarmed           |    99 |    79 ||   178
         Punch             |     5 |     1 ||     6
         Bite              |     1 |     5 ||     6
    Use: Potion            |       |     1 ||     1
   Stab: Sleeping          |     5 |     2 ||     7
         Distracted        |     1 |       ||     1
 Armour: Skin              |    41 |    37 ||    78
  Dodge: Dodged            |    83 |    69 ||   152

Table legend: (Time is in decaauts)
 A = Elapsed time spent in this place.
 B = Non-inter-level travel time spent in this place.
 C = Inter-level travel time spent in this place.
 D = Time resting spent in this place.
 E = Time spent auto-exploring this place.
 F = Levels seen in this place.
 G = Mean time per level.
                   A        B        C        D        E       F      G
               +--------+--------+--------+--------+--------+-----+--------+
         Total |   1807 |   1712 |     95 |      0 |   1290 |   3 |  602.3 |
       Dungeon |   1807 |   1712 |     95 |      0 |   1290 |   3 |  602.3 |
               +--------+--------+--------+--------+--------+-----+--------+

Top non-repeatable levels by time:
     D:1: 825 daAuts
     D:2: 803 daAuts
     D:3: 179 daAuts
